 Dungeon Crawl Stone Soup version 0.26-a0-663-g36e8fdb655 (webtiles) character file.

Game seed: 16096253061325571895

31941 Notrik the Warrior (level 13, -1/134 HPs)
             Began as a Minotaur Fighter on Oct 10, 2020.
             Was the Champion of Okawaru.
             Slain by a red devil
             ... wielding a +0 trident
             ... summoned by an orc high priest
              (11 damage)
             ... on level 2 of the Orcish Mines on Oct 11, 2020.
             The game lasted 00:43:13 (21399 turns).

Notrik the Warrior (Minotaur Fighter)              Turns: 21399, Time: 00:43:14

Health: -1/134     AC: 17    Str: 26    XL:     13   Next: 28%
Magic:  12/12      EV:  9    Int:  5    God:    Okawaru [******]
Gold:   769        SH: 13    Dex: 12    Spells: 12/12 levels left

rFire    + . .     SeeInvis .   D - +6 morningstar (flame)
rCold    . . .     Faith    .   w - +0 kite shield
rNeg     . . .     Spirit   .   a - +2 scale mail {MR+}
rPois    .         Reflect  .   P - +1 hat
rElec    .         Harm     .   r - +0 cloak
rCorr    +         Rampage  .   L - +1 pair of gloves
MR       +....                  l - +0 pair of boots
Stlth    ..........             R - amulet of the acrobat
HPRegen  0.32/turn              B - ring of resist corrosion
MPRegen  0.13/turn              i - ring of protection from fire

@: lethally poisoned (-1 -> -3)
A: retaliatory headbutt, horns 2, agile 1, blurry vision 1, evolution 1
a: Heroism, Finesse, Renounce Religion


You were on level 2 of the Orcish Mines.
You worshipped Okawaru.
Okawaru was exalted by your worship.
You visited 2 branches of the dungeon, and saw 14 of its levels.

You collected 1382 gold pieces.
You spent 613 gold pieces at shops.

Inventory:

Hand Weapons
 D - a +6 morningstar of flaming (weapon)
   (You took it off Maggie on level 8 of the Dungeon)
Missiles
 f - 8 throwing nets (quivered) {!f}
Armour
 a - a +2 scale mail of magic resistance (worn)
   (You bought it in a shop on level 5 of the Dungeon)
 l - a +0 pair of boots (worn)
   (You found it on level 2 of the Dungeon)
 r - a +0 cloak (worn)
   (You found it on level 3 of the Dungeon)
 w - a +0 kite shield (worn)
 L - a +1 pair of gloves (worn)
   (You found it on level 8 of the Dungeon)
 P - a +1 hat (worn)
   (You found it on level 8 of the Dungeon)
Jewellery
 g - an uncursed ring of wizardry
   (You found it on level 1 of the Dungeon)
 i - a ring of protection from fire (right hand)
   (You found it on level 11 of the Dungeon)
 B - a ring of resist corrosion (left hand)
   (You found it on level 3 of the Dungeon)
 I - an uncursed ring of magical power
   (You found it on level 7 of the Dungeon)
 O - an uncursed ring of flight
   (You found it on level 8 of the Dungeon)
 R - an amulet of the acrobat (around neck)
   (You found it on level 8 of the Dungeon)
Wands
 c - a wand of disintegration (12)
   (You found it on level 3 of the Dungeon)
 d - a wand of iceblast (4)
   (You found it on level 10 of the Dungeon)
 t - a wand of polymorph (28)
   (You found it on level 3 of the Dungeon)
 u - a wand of paralysis (9)
   (You took it off Maurice on level 9 of the Dungeon)
 v - a wand of digging (3)
   (You took it off a goblin on level 2 of the Dungeon)
 x - a wand of acid (4)
   (You found it on level 3 of the Dungeon)
Scrolls
 b - 2 scrolls of random uselessness
 h - 3 scrolls of immolation {!r}
 q - 5 scrolls of teleportation {@r4}
 s - 4 scrolls of noise {!r}
 y - 3 scrolls of remove curse {@r2}
 z - a scroll of enchant armour
 C - 7 scrolls of identify {@r1}
 K - a scroll of fog
 N - a scroll of amnesia {unknown}
 S - a scroll of vulnerability {!r}
 T - 3 scrolls of magic mapping
 U - a scroll of fear {unknown}
Potions
 e - 2 potions of degeneration {!q}
 j - a potion of resistance
 k - 2 potions of magic
 n - 2 potions of cancellation
 o - 3 potions of brilliance
 p - 2 potions of lignification {!q}
 H - 3 potions of might
 J - 4 potions of flight
 M - a potion of invisibility
 W - a potion of stabbing {unknown}


   Skills:
 * Level 17.8 Fighting
 + Level 13.2 Maces & Flails
 + Level 11.1 Armour
 + Level 11.1 Shields


You had 12 spell levels left.
You didn't know any spells.
Your spell library contained the following spells:

 Spells                   Type           Power        Failure   Level
 Corona                   Hex            #......      86%         1
 Magic Dart               Conj           #...         86%         1
 Blink                    Tloc           N/A          95%         2
 Call Imp                 Summ           #.......     95%         2
 Slow                     Hex            #.......     95%         2
 Conjure Flame            Conj/Fire      #.......     99%         3
 Inner Flame              Hex/Fire       #.......     99%         3
 Mephitic Cloud           Conj/Pois/Air  #.......     99%         3
 Portal Projectile        Hex/Tloc       #.....       99%         3
 Cause Fear               Hex            #.........   100%        4
 Leda's Liquefaction      Hex/Erth       #.........   100%        4


Dungeon Overview and Level Annotations

Branches:
Dungeon (12/15)            Temple (0/1) D:7            Lair (0/6) D:10
    Orc (2/2) D:9             Elf (0/3) Orc:2

Altars:
Ashenzari
Cheibriados
Dithmenos
Elyvilon
Fedhas
Kikubaaqudgha
Makhleb
Nemelex Xobeh
Okawaru
Ru
Sif Muna
Trog
Uskayaw
Vehumet
Wu Jian
Xom

Shops:
D:4 *   D:5 [   D:8 *   D:11 ?   D:12 :   Orc:2 [=(

Annotations:
D:12 1 transporter


Innate Abilities, Weirdness & Mutations

You reflexively headbutt those who attack you in melee.
You have a pair of horns on your head.
You are agile. (Dex +2)
Scrolls take you a little longer to read.
You evolve.


Message History

The ufetubus barely misses you. You furiously retaliate!
You headbutt the ufetubus!
You kill the ufetubus!
You block the ufetubus's attack. The ufetubus completely misses you.
The red devil hits you but does no damage.
The ufetubus misses you. You furiously retaliate!
You headbutt the ufetubus. You block the ufetubus's attack.
The ufetubus misses you. The ufetubus completely misses you.
The ufetubus completely misses you. You block the ufetubus's attack.
The ufetubus misses you. You block the ufetubus's attack.
The ufetubus completely misses you. You block the ufetubus's attack.
The ufetubus closely misses you. The ufetubus completely misses you.
The ynoxinul disappears in a puff of smoke!
The ufetubus disappears in a puff of smoke! x3
The orc warrior throws a silver boomerang.
You block the silver boomerang.
The weapon returns to the orc warrior!
The orc high priest invokes the aid of Beogh against you.
Beogh smites you!
* * * LOW HITPOINT WARNING * * *
The red devil closely misses you.
The orc high priest calls down the wrath of Beogh upon you.
Beogh smites you!
* * * LOW HITPOINT WARNING * * *
The red devil disappears in a puff of smoke!
The ogre barely misses you. You furiously retaliate!
You headbutt the ogre!
Things that are here:
a +0 chain mail; a +0 halberd The orc warrior completely misses you.
The orc warrior throws a boomerang.
The boomerang barely misses you.
The weapon returns to the orc warrior!
A puff of frost appears from out of thin air!
You block the puff of frost.
Things that are here:
a +0 robe; a +1 vampiric dagger {!w} You block the ogre's attack.
The ogre hits you with a +0 giant club!
* * * LOW HITPOINT WARNING * * *
The orc warrior throws a boomerang.
The boomerang hits you!
* * * LOW HITPOINT WARNING * * *
The weapon returns to the orc warrior!
The orc warrior misses you. You furiously retaliate!
You headbutt the orc warrior. You block the red devil's attack.
There is a stone staircase leading up, spattered with blood here.
The orc warrior hits you from afar with a +0 glaive of venom.
* * * LOW HITPOINT WARNING * * *
You are poisoned.
You block the ogre's attack. The orc warrior closely misses you.
The ogre hits you with a +0 giant club!!
* * * LOW HITPOINT WARNING * * *
The red devil hits you from afar with a +0 trident!
You die...

.............#.....#..........#..
#................................
##...........#...................
#.........................P......
##.............[......P...†..P...
##..............[[.........P..#.
#.#....#......o.oo..P.8...P...#
#..............oOo...P...∩.....#
..............).@O4............#
.........P..#[..##.....^.......#
...........[.....#............##
......................P.....##
..........[....#....P...P###
......8.............#####
.....∩..............#
.....................
........P...........


You could see an orc high priest, a red devil (summoned), 3 orc warriors, 2
ogres and an orc.

Vanquished Creatures
  Gastronok (D:9)
  2 orc warlords
  Fannar (D:10)
  A boulder beetle (D:12)
  A hydra (D:11)
  Erica (D:8)
  2 two-headed ogres
  6 orc high priests
  Nergalle (D:10)
  2 orc knights (Orc:1)
  2 ugly things (D:12)
  3 orc sorcerers
  A wolf spider (Orc:1)
  2 manticores
  Maurice (D:9)
  Joseph (D:8)
  Psyche (D:11)
  A gargoyle (D:12)
  Maggie (D:8)
  A komodo dragon (D:12)
  7 trolls
  2 hornets (D:11)
  2 dream sheep (D:11)
  Sigmund (D:4)
  2 redbacks (Orc:1)
  A tarantella (Orc:1)
  4 yaks (D:10)
  Edmund (D:5)
  3 wargs
  A soldier ant (D:12)
  A water moccasin (D:9)
  An acid dragon (D:12)
  A hornet zombie (D:10)
  31 orc warriors
  4 sky beasts
  4 eyes of draining
  3 ice beasts
  3 phantoms
  7 ogres
  7 centaurs
  4 big kobolds
  4 bullfrogs
  2 gnoll sergeants (D:5)
  A water moccasin skeleton (D:11)
  3 scorpions
  11 killer bees
  4 wights (D:12)
  A howler monkey (D:4)
  A bullfrog zombie (D:7)
  2 centaur zombies
  20 orc priests
  13 hounds
  2 bullfrog skeletons
  3 gnoll shamans (D:5)
  2 jellies
  25 orc wizards
  A centaur skeleton (D:5)
  4 iguanas
  Ijyb (D:5)
  9 worker ants
  A hound skeleton (D:10)
  2 worker ant zombies
  25 gnolls
  9 adders
  2 shadow imps (D:5)
  2 white imps (D:10)
  7 ufetubi
  3 oozes
  An adder skeleton (D:5)
  An adder zombie (D:8)
  3 worms
  2 dart slugs
  5 leopard geckos
  71 orcs
  A bat zombie (D:8)
  7 giant cockroaches
  8 goblins
  8 hobgoblins
  25 jackals
  11 kobolds
  5 quokkas
  A ball python (D:2)
  11 bats
  8 frilled lizards
  A giant cockroach zombie (D:5)
  3 rats (D:2)
454 creatures vanquished.

Vanquished Creatures (others)
  2 ogres (D:6)
  A bullfrog (D:6)
  A hound (D:6)
  An adder (D:6)
  An adder zombie (D:6)
  A jackal (D:6)
  A quokka (D:6)
  13 fungi (Orc:2)
  A plant (D:11)
22 creatures vanquished.

Grand Total: 476 creatures vanquished

Notes
Turn   | Place    | Note
-------+----------+-------------------------------------------
     0 | D:1      | Notrik the Minotaur Fighter began the quest for the Orb.
     0 | D:1      | Reached XP level 1. HP: 19/19 MP: 0/0
    31 | D:1      | Reached skill level 4 in Fighting
    37 | D:1      | Reached XP level 2. HP: 24/27 MP: 1/1
   350 | D:1      | Reached XP level 3. HP: 32/34 MP: 2/2
   532 | D:1      | Reached skill level 5 in Fighting
  1006 | D:2      | Found a blossoming altar of Fedhas.
  1006 | D:2      | Noticed a +0 dagger
  1006 | D:2      | Noticed a +0 hand axe
  1008 | D:2      | Found a hide-covered altar of Uskayaw.
  1103 | D:2      | Found an ornate altar of the Wu Jian Council.
  1235 | D:2      | Reached XP level 4. HP: 42/42 MP: 3/3
  1246 | D:2      | Found an iron altar of Okawaru.
  1258 | D:2      | Became a worshipper of Warmaster Okawaru
  1671 | D:2      | Found a bloodstained altar of Trog.
  2070 | D:3      | Found a shadowy altar of Dithmenos.
  2074 | D:3      | Found a white marble altar of Elyvilon.
  2450 | D:4      | Reached skill level 6 in Fighting
  2450 | D:4      | Reached XP level 5. HP: 45/50 MP: 4/4
  2555 | D:4      | Reached * piety under Okawaru
  2815 | D:4      | Reached skill level 7 in Fighting
  2815 | D:4      | Reached XP level 6. HP: 57/60 MP: 5/5
  2861 | D:4      | Found a broken altar of Ashenzari.
  3049 | D:4      | Found Eddoeficw's Assorted Antiques.
  3180 | D:5      | Entered Level 5 of the Dungeon
  3202 | D:5      | Reached skill level 5 in Maces & Flails
  3541 | D:5      | Reached skill level 8 in Fighting
  3630 | D:5      | Reached XP level 7. HP: 58/68 MP: 6/6
  3823 | D:5      | Noticed Sigmund
  4107 | D:5      | Noticed Ijyb
  4122 | D:5      | Killed Ijyb
  4282 | D:5      | Reached skill level 9 in Fighting
  4637 | D:4      | Killed Sigmund
  4637 | D:4      | Reached ** piety under Okawaru
  4863 | D:5      | Reached XP level 8. HP: 49/79 MP: 7/7
  5143 | D:5      | Reached skill level 10 in Fighting
  6026 | D:5      | Found Bypevesm's Antique Armour Emporium.
  6028 | D:5      | Noticed Edmund
  6031 | D:5      | Reached skill level 11 in Fighting
  6040 | D:5      | Killed Edmund
  6040 | D:5      | Reached *** piety under Okawaru
  6088 | D:5      | Bought a shiny scale mail for 147 gold pieces
  6098 | D:5      | Bought a pair of gloves for 94 gold pieces
  6205 | D:5      | Found a shimmering blue altar of Sif Muna.
  6543 | D:6      | Found a shimmering altar of Xom.
  6638 | D:6      | Reached XP level 9. HP: 81/90 MP: 8/8
  6800 | D:6      | Reached skill level 12 in Fighting
  8141 | D:7      | Found a staircase to the Ecumenical Temple.
  8329 | D:8      | Noticed Joseph
  8351 | D:8      | Killed Joseph
  8489 | D:8      | Reached skill level 5 in Armour
  8489 | D:8      | Reached skill level 5 in Shields
  8491 | D:8      | Reached **** piety under Okawaru
  8836 | D:8      | Found Daebb's General Store.
  8844 | D:8      | Bought a potion of invisibility for 104 gold pieces
  8844 | D:8      | Bought a scroll of random uselessness for 13 gold pieces
  8873 | D:8      | Found a sacrificial altar of Ru.
  8997 | D:8      | Got a bloodstained whip
  9365 | D:8      | Noticed Erica
  9387 | D:8      | Killed Erica
  9387 | D:8      | Reached skill level 13 in Fighting
  9387 | D:8      | Reached XP level 10. HP: 82/101 MP: 9/9
  9389 | D:8      | Identified the +5 whip "Widowermaker" {freeze, *Drain rPois
                  | rC++ Dex+2} (You found it on level 8 of the Dungeon)
  9467 | D:8      | Noticed Maggie
  9474 | D:8      | Killed Maggie
  9509 | D:8      | Found a sparkling altar of Nemelex Xobeh.
  9544 | D:8      | Found an ancient bone altar of Kikubaaqudgha.
  9827 | D:9      | Noticed a two-headed ogre
  9832 | D:9      | Noticed Maurice
  9868 | D:8      | Killed a two-headed ogre
  9868 | D:8      | Reached ***** piety under Okawaru
  9868 | D:8      | Reached skill level 10 in Maces & Flails
 10117 | D:9      | Killed Maurice
 10124 | D:9      | Received a gift from Okawaru
 10328 | D:9      | Found a snail-covered altar of Cheibriados.
 10365 | D:9      | Reached skill level 14 in Fighting
 10390 | D:9      | Found a burning altar of Makhleb.
 10396 | D:9      | Noticed a manticore
 10401 | D:9      | Killed a manticore
 10575 | D:9      | Noticed Gastronok
 10588 | D:9      | Killed Gastronok
 10588 | D:9      | Reached XP level 11. HP: 76/111 MP: 10/10
 10726 | D:9      | Found a staircase to the Orcish Mines.
 10926 | D:10     | Entered Level 10 of the Dungeon
 10945 | D:10     | Noticed Nergalle
 10965 | D:10     | Killed Nergalle
 10965 | D:10     | Received a gift from Okawaru
 11005 | D:10     | Got a jewelled ring mail {god gift}
 11045 | D:10     | Identified the +1 ring mail "Rumaegh" {Rampage +Blink rN+++
                  | MP-9} (Okawaru gifted it to you on level 10 of the Dungeon)
 11179 | D:10     | Noticed Fannar
 11199 | D:10     | Killed Fannar
 11199 | D:10     | Reached skill level 15 in Fighting
 11360 | D:10     | Found a staircase to the Lair.
 12388 | D:11     | Noticed a two-headed ogre
 12411 | D:11     | Noticed a three-headed hydra
 12418 | D:10     | Killed a two-headed ogre
 12639 | D:11     | Killed a three-headed hydra
 12644 | D:11     | Reached ****** piety under Okawaru
 12668 | D:11     | Paralysed by a hornet for 2 turns
 13051 | D:11     | Found Dadipeg's Magic Scroll Boutique.
 13058 | D:11     | Bought a scroll of vulnerability for 75 gold pieces
 13058 | D:11     | Bought 3 scrolls of identify for 60 gold pieces
 13058 | D:11     | Bought a scroll of identify for 20 gold pieces
 13058 | D:11     | Bought a scroll of identify for 20 gold pieces
 13058 | D:11     | Bought a scroll of identify for 20 gold pieces
 13058 | D:11     | Bought a scroll of teleportation for 30 gold pieces
 13058 | D:11     | Bought a scroll of teleportation for 30 gold pieces
 13208 | D:11     | Noticed Psyche
 13213 | D:11     | Killed Psyche
 13626 | D:12     | Noticed a green ugly thing
 13634 | D:12     | Killed a green ugly thing
 13634 | D:12     | Reached skill level 16 in Fighting
 13634 | D:12     | Reached XP level 12. HP: 105/122 MP: 11/11
 13808 | D:12     | Found Jedavupn's Book Emporium.
 13868 | D:12     | Received a gift from Okawaru
 13874 | D:12     | Identified the amulet of Rung {Reflect rC+ SH+5}
 13945 | D:12     | Got a polished cloak {god gift}
 14144 | D:12     | Noticed a boulder beetle
 14145 | D:12     | Found a radiant altar of Vehumet.
 14159 | D:12     | Found a transporter.
 14162 | D:12     | Killed a boulder beetle
 14249 | D:12     | Noticed a tengu reaver
 14602 | D:12     | Identified the +3 cloak of Hucluah {Harm Stlth+} (Okawaru
                  | gifted it to you on level 12 of the Dungeon)
 14787 | Orc:1    | Entered Level 1 of the Orcish Mines
 15335 | Orc:1    | Reached skill level 10 in Armour
 15359 | Orc:1    | Reached skill level 10 in Shields
 16166 | Orc:2    | Entered Level 2 of the Orcish Mines
 16166 | Orc:2    | Found Hodytyru's Antique Armour Boutique.
 16166 | Orc:2    | Noticed an orc warlord
 16170 | Orc:2    | Noticed an orc warlord
 16170 | Orc:2    | Noticed an orc high priest
 16175 | Orc:2    | Noticed an orc high priest
 16176 | Orc:2    | Noticed an orc high priest
 17249 | D:8      | Killed an orc warlord
 17249 | D:8      | Reached skill level 17 in Fighting
 17472 | Orc:2    | Noticed an orc high priest
 17484 | Orc:1    | Killed an orc high priest
 17900 | Orc:1    | Received a gift from Okawaru
 17960 | Orc:1    | HP: 2/125 [orc priest/divine providence[an orc warlord]
                  | (9)]
 19064 | Orc:1    | Killed an orc warlord
 19064 | Orc:1    | Reached XP level 13. HP: 100/133 MP: 12/12
 19932 | Orc:2    | Gained mutation: You evolve. [a neqoxec]
 19932 | Orc:2    | Gained mutation: Scrolls take you a little longer to read.
                  | [a neqoxec]
 20108 | Orc:2    | Found Koyrreto's Jewellery Emporium.
 20249 | Orc:2    | Found a staircase to the Elven Halls.
 20271 | Orc:2    | Found Ehymae's Antique Weapon Shop.
 20606 | Orc:1    | Received a gift from Okawaru
 20740 | Orc:1    | Gained mutation: You are agile. (Dex +2) [evolution]
 21399 | Orc:2    | Slain by a red devil

Illustrated notes

Levels and vault maps discovered:
D:1:      minmay_arrival_radiant_lines, layout_loops_ring, st_stairs_10
D:2:      layout_basic, fedhas_ov_isle_minmay, dancing_weapons_uskayaw,
          nicolae_overflow_crystal_walls, lemuel_round_altar,
          nicolae_overflow_hidden_temple
D:3:      layout_basic, chequers_temple_overflow_statue_of_worship
D:4:      layout_rooms, nicolae_ashenzari_panopticon, serial_shops,
          nicolae_shop_competitors_out_of_business
D:5:      layout_cave_pools, lemuel_coloured_pillars_altar, serial_gnoll_camp,
          gnoll_camp_mini_loothouse, gnoll_camp_huts_moat,
          gnoll_camp_mini_basic, gnoll_camp_mini_doghouse, gnoll_camp_mini_hut,
          gnoll_camp_mini_shop, minmay_misc_feat_plants, uniq_sigmund,
          uniq_ijyb, uniq_edmund
D:6:      layout_cave_pools, xom_confusion_cloud
D:7:      layout_basic, lemuel_temple_firewalk_b
D:8:      layout_loops_corners, nemelex_xobeh_ov_fountains_minmay,
          lemuel_round_altar, lemuel_zombie_altar_kikubaaqudgha, serial_shops,
          nicolae_shop_crystal, uniq_erica, uniq_joseph, uniq_maggie
D:9:      layout_basic, kennysheep_mini_moat, cheibriados_altar_1, orc_0_dummy,
          uniq_gastronok, uniq_maurice
D:10:     layout_small_grid, lair_entry_dummy, uniq_nergalle, uniq_fannar
D:11:     layout_irregular_city, serial_shops, shop, hangedman_ranch
          [blue_anna_fruit_fields], uniq_psyche
D:12:     gammafunk_sealed_library, layout_stronghold, serial_shops, shop
Orc:1:    nicolae_orc_accident_3, layout_diamond_mine, basic_altar,
          bh_open_orc_temple
Orc:2:    grunt_orc_gardens, layout_caves, grunt_orc_garden, grunt_orc_garden,
          grunt_orc_garden, grunt_orc_garden

Skill      XL: |  1  2  3  4  5  6  7  8  9 10 11 12 13 |
---------------+----------------------------------------+-----
Fighting       | 4 5 6 7 8 9 11 13 14 16 17 | 17.8
Maces & Flails | 3 4 5 6 8 9 10 11 12 13 | 13.2
Armour         | 5 7 9 10 11 | 11.1
Shields        | 5 7 9 10 11 | 11.1

Action                   |  1- 3 |  4- 6 |  7- 9 | 10-12 | 13-15 || total
-------------------------+-------+-------+-------+-------+-------++-------
Melee: Flail             |    93 |   148 |   409 |       |       ||   650
       Headbutt          |    11 |    26 |    91 |   126 |    16 ||   270
       Morningstar       |       |       |       |   663 |    89 ||   752
       Whip              |       |       |       |     7 |       ||     7
Evoke: Wand              |       |       |       |     1 |       ||     1
  Use: Scroll            |       |     7 |       |    19 |       ||    26
       Potion            |       |       |     1 |     7 |       ||     8
Armor: Scale mail        |    70 |    13 |   145 |   317 |    71 ||   616
       Chain mail        |       |    91 |   150 |       |       ||   241
Dodge: Dodged            |    55 |    45 |   133 |   251 |   109 ||   593
Block: Kite shield       |    84 |   109 |   242 |   498 |   128 ||  1061

Table legend: (Time is in decaauts)
 A = Elapsed time spent in this place.
 B = Non-inter-level travel time spent in this place.
 C = Inter-level travel time spent in this place.
 D = Time resting spent in this place.
 E = Time spent auto-exploring this place.
 F = Levels seen in this place.
 G = Mean time per level.
                   A        B        C        D        E       F      G
               +--------+--------+--------+--------+--------+-----+--------+
         Total |  21521 |  20899 |    622 |   7109 |   9885 |  14 | 1537.2 |
       Dungeon |  16527 |  15996 |    531 |   4865 |   8215 |  12 | 1377.2 |
  Orcish Mines |   4994 |   4903 |     91 |   2244 |   1670 |   2 | 2497.0 |
               +--------+--------+--------+--------+--------+-----+--------+

Top non-repeatable levels by time:
   Orc:1: 4452 daAuts
     D:5: 2251 daAuts
     D:9: 1825 daAuts
     D:4: 1814 daAuts
     D:8: 1718 daAuts
     D:7: 1708 daAuts
    D:10: 1677 daAuts
    D:12: 1116 daAuts
    D:11: 1051 daAuts
     D:1: 997 daAuts
     D:2: 920 daAuts
     D:6: 825 daAuts
     D:3: 619 daAuts
   Orc:2: 541 daAuts
